 Dungeon Crawl Stone Soup version 0.20-a0-351-gc9b4002 (webtiles) character file.

1741269 kuniqs the Slayer (level 27, 174/195 HPs)
             Began as a Gargoyle Fighter on Dec 26, 2016.
             Was the Champion of Qazlal.
             Escaped with the Orb
             ... and 3 runes!
             The game lasted 03:49:14 (71858 turns).

kuniqs the Slayer (Gargoyle Fighter)               Turns: 71858, Time: 03:49:15

Health: 174/195    AC: 74    Str: 31    XL:     27
Magic:  37/37      EV:  8    Int: 13    God:    Qazlal [******]
Gold:   1374       SH: 37    Dex:  8    Spells: 22/26 levels left

rFire  + . .     SeeInvis +     h - +9 broad axe (flame)
rCold  + . .     Gourm    .     t - +11 crystal plate armour
rNeg   + . .     Faith    .     p - +0 large shield
rPois  ∞         Spirit   .     d - +2 helmet {SInv}
rElec  +         Reflect  +     X - +0 cloak "Vups" {rC++ MR+ rCorr Dex-4}
rCorr  +         Harm     .     b - +0 pair of gloves of the Catamount {MR+ Dex+3}
MR     ++++.                    g - +2 pair of boots "Mouwat" {rPois rC- Int+2 SInv}
Stlth  ..........               K - +3 amulet of reflection
                                O - ring of Teunehebb {+Blink rElec Str+2 Slay+3}
                                S - ring of protection from fire

@: very slightly contaminated, hasted, repel missiles, very quick
A: big wings, negative energy resistance 1, electricity resistance, weak 1,
unbreathing, petrification resistance, rot immunity, AC +20
0: Orb of Zot
}: 3/15 runes: serpentine, barnacled, slimy
a: Fly, Upheaval, Elemental Force, Disaster Area, Renounce Religion, Evoke Blink


You escaped.
You worshipped Qazlal.
Qazlal was exalted by your worship.
You were very full.

You visited 11 branches of the dungeon, and saw 54 of its levels.
You visited 2 bazaars.
You visited 1 ziggurat, and saw 7 of its levels.
You also visited: Ice Cave, Wizlab and Desolation.

You collected 5939 gold pieces.
You spent 4565 gold pieces at shops.

Inventory:

Hand Weapons
 h - a +9 broad axe of flaming (weapon)
 x - the +6 war axe of the Mosquito {drain, rF+ rN++}
   (You acquired it on level 6 of the Dungeon)

   A truly terrible weapon, it drains the life of those it strikes.
   It protects you from fire.
   It greatly protects you from negative energy.
 C - a +5 broad axe of flaming
Missiles
 F - 13 throwing nets (quivered)
Armour
 b - the +0 pair of gloves of the Catamount (worn) {MR+ Dex+3}
   (You took it off Nikola on level 1 of the Elven Halls)

   It affects your dexterity (+3).
   It affects your resistance to hostile enchantments.
 d - a +2 helmet of see invisible (worn)
 g - the +2 pair of boots "Mouwat" (worn) {rPois rC- Int+2 SInv}
   (You found it in the Desolation of Salt)

   It affects your intelligence (+2).
   It makes you vulnerable to cold.
   It protects you from poison.
   It lets you see invisible.
 p - a +0 large shield (worn)
 t - a +11 crystal plate armour (worn)
 X - the +0 cloak "Vups" (worn) {rC++ MR+ rCorr Dex-4}
   (You found it in a wizard's laboratory)

   It affects your dexterity (-4).
   It greatly protects you from cold.
   It affects your resistance to hostile enchantments.
   It protects you from acid and corrosion.
Rods
 L - a +0 rod of ignition (14/14)
   (You took it off Louise on level 14 of the Dungeon)
Jewellery
 z - the ring of Suez {rCorr rElec rN+ Str+4 Dex+3}
   (You took it off a deep elf mage on level 1 of the Elven Halls)

   [ring of resist corrosion]

   It affects your strength (+4).
   It affects your dexterity (+3).
   It insulates you from electricity.
   It protects you from negative energy.
 K - a +3 amulet of reflection (around neck)
 O - the ring of Teunehebb (right hand) {+Blink rElec Str+2 Slay+3}
   (You found it on level 5 of the Lair of Beasts)

   [ring of strength]

   It affects your strength (+2).
   It affects your accuracy and damage with ranged weapons and melee attacks
   (+3).
   It insulates you from electricity.
   It lets you blink.
 S - a ring of protection from fire (left hand)
Wands
 c - a wand of digging (12/24)
 o - a wand of confusion (28/48)
 A - a wand of disintegration (4/24)
 H - a wand of acid (10/15)
Scrolls
 i - 13 scrolls of fear
 r - 4 scrolls of recharging
 v - 9 scrolls of immolation
 w - 2 scrolls of silence
 y - 26 scrolls of teleportation
 E - 5 scrolls of blinking
 I - 6 scrolls of fog
 J - 4 scrolls of vulnerability
 M - 3 scrolls of holy word
 P - 29 scrolls of remove curse {@r2}
 R - 9 scrolls of identify {@r1}
 U - 4 scrolls of enchant weapon
 Z - 2 scrolls of summoning
Potions
 a - 10 potions of berserk rage
 k - 5 potions of invisibility
 l - 2 potions of cure mutation
 m - 2 potions of magic
 n - 6 potions of resistance
 q - 5 potions of agility
 s - 11 potions of curing {@q1}
 u - 5 potions of heal wounds
 G - 5 potions of cancellation
 Q - a potion of haste
 T - 3 potions of ambrosia
 V - 3 potions of might
Miscellaneous
 B - a phial of floods
 W - a lamp of fire
Comestibles
 f - 41 fruits
 j - 2 beef jerkies
 Y - 10 slices of pizza


   Skills:
 - Level 25.7 Fighting
 - Level 18.0 Axes
 + Level 25.5 Armour
 - Level 25.1 Shields
 - Level 20.1 Invocations
 - Level 12.0 Evocations


You had 22 spell levels left.
You knew the following spells:

 Your Spells              Type           Power        Failure   Level  Hunger
a - Spectral Weapon       Hex/Chrm       #.......     100%        3    ####...
b - Apportation           Tloc           #.........   99%         1    ##.....


Dungeon Overview and Level Annotations

Branches:
Dungeon (15/15)            Temple (1/1) D:7            Lair (6/6) D:9
 Shoals (4/4) Lair:3        Snake (4/4) Lair:4        Slime (5/5) Lair:5
    Orc (2/2) D:10            Elf (3/3) Orc:2        Vaults (4/5) D:13
  Crypt (0/3) Vaults:2     Depths (5/5) D:15            Zot (5/5) Depths:5

Altars:
Ashenzari
Cheibriados
Dithmenos
Elyvilon
Fedhas
Hepliaklqana
Kikubaaqudgha
Makhleb
Nemelex Xobeh
Okawaru
Qazlal
Ru
Sif Muna
Trog
Uskayaw
Vehumet
Xom
Yredelemnul
Zin
The Shining One

Shops:
D:6 ?   D:9 (   Orc:2 ([*:   Shoals:1 (   Shoals:4 *   Snake:3 *   Depths:2 }==

Portals:
Hell: Depths:1 Depths:2 Depths:3 Depths:4 Depths:5
Abyss: Depths:4
Pandemonium: Depths:3 Depths:4

Annotations:
D:8 exclusion: oklob plant
D:13 exclusion: downstairs
Elf:2 1 runed door


Innate Abilities, Weirdness & Mutations

You are resistant to torment.
Your stone body is resilient. (AC +20)
You are immune to poison.
Your large and strong wings let you fly indefinitely.
You resist negative energy. (rN+)
You are resistant to electric shocks. (rElec)
You can survive without breathing.
You are immune to petrification.
You are immune to rotting.
You are weak. (Str -2)


Message History

There is a stone staircase leading up here.
You feel much better.
You feel much better.
You feel less protected from physical attacks.
Something shouts, "Despair, thou tasty meal!"
You hear a shout!
You climb upwards.
There is a stone staircase leading down here.
There is a stone staircase leading up here.
You climb upwards.
There is a stone staircase leading down here.
A soul eater comes into view.
You feel yourself speed up.
The soul eater draws from the surrounding life force!
An Orb Guardian comes into view.
You feel a little less mighty now.
You feel a little less agile now.
An orange demon comes into view.
There is a staircase leading out of the dungeon here.
You have escaped!

.#..##### ........#
....#################
........##.≈§≈≈≈≈≈≈≈#
.#....≈≈.).§.≈≈§≈≈≈≈#
.#...≈≈≈≈...§....≈≈≈#
....≈≈.≈≈≈≈≈.§..§.≈≈#
....≈..≈≈≈≈.≈≈.§.§§≈#
.....≈≈≈≈4≈≈≈≈§.@.§≈#
..≈.≈..≈≈≈.≈≈≈..§..≈#
#..≈.≈≈.≈.≈≈≈.....≈≈#
#....≈≈≈≈.≈......≈≈≈#
.......≈....≈.≈≈≈≈≈≈#
.#........≈≈≈≈≈≈≈≈≈≈#
#####################


You could see an orange demon.

Vanquished Creatures
  the Royal Jelly (Slime:5)
  Dissolution (Slime:2)
  2 pandemonium lords
  5 orbs of fire (Zot:5)
  4 ancient liches
  A juggernaut (Zig:7)
  3 greater mummies
  Bai Suzhen (Snake:4)
  Vashnia (Snake:2)
  Saint Roka (Elf:3)
  3 curse toes
  4 Killer Klowns
  8 golden dragons
  the Enchantress (Depths:2)
  Nikola (Elf:1)
  3 bone dragons
  5 electric golems
  17 tentacled monstrosities
  26 Orb Guardians
  Rupert (Orc:1)
  3 deep elf blademasters
  5 quicksilver dragons
  2 deep elf master archers (Elf:3)
  An eldritch tentacle (WizLab)
  3 krakens
  17 acid blobs
  12 death cobs
  A tentacled starspawn (WizLab)
  9 shadow dragons
  3 tengu reavers
  16 storm dragons
  Donald (Vaults:3)
  10 azure jellies
  4 draconian monks
  9 nagarajas
  3 fire giants
  6 draconian knights
  5 orc warlords
  Ilsuiw (Shoals:4)
  5 deep elf sorcerers
  6 draconian scorchers
  13 vault wardens
  4 imperial myrmidons (Desolation)
  9 frost giants
  Aizul (Snake:2)
  Louise (D:14)
  5 draconian shifters
  5 deep elf elementalists
  8 ghost moths
  16 ironheart preservers
  2 draconian stormcallers
  A cacodemon (WizLab)
  A war gargoyle (Vaults:4)
  10 very ugly things
  3 draconian annihilators
  4 spriggan defenders
  12 stone giants
  Nessos (D:14)
  7 deep elf demonologists
  8 deep elf annihilators
  7 white draconians
  An entropy weaver (Zig:2)
  13 red draconians
  12 green draconians
  14 black draconians
  A dire elephant (Lair:6)
  5 spark wasps
  4 halazid warlocks (Desolation)
  9 purple draconians
  13 yellow draconians
  The ghost of azzavlup the Transmogrifier, a journeyman DrTm of Okawaru (Lair:2)
  8 ettins
  4 merfolk javelineers
  7 deep elf death magi
  12 death oozes
  A crystal guardian (Vaults:4)
  9 ragged hierophants (Desolation)
  9 fire dragons
  7 rakshasas
  7 merfolk impalers
  5 yaktaur captains
  15 naga warriors
  12 great orbs of eyes
  4 deep elf high priests
  8 servants of whispers (Desolation)
  8 hydras
  10 peacekeepers
  12 vault guards
  A hell beast (D:3)
  14 ice dragons
  3 spriggan air magi
  2 merfolk avatars
  5 merfolk aquamancers
  2 alligator snapping turtles (Shoals:4)
  3 catoblepae
  A death knight (D:13)
  5 satyrs
  A queen ant (Lair:3)
  8 anacondas
  34 dancing weapons
  12 deep troll shamans
  14 centaur warriors
  An alligator (Zig:4)
  53 two-headed ogres
  The ghost of siimphh the Cleaver, a journeyman GrFi of Trog (D:9)
  A death scarab (Zig:5)
  16 ogre magi
  5 vampire magi (Depths:4)
  18 deep troll earth magi
  7 tengu warriors
  3 death yaks (Lair:6)
  A hell hog (shapeshifter) (Vaults:2)
  5 orc high priests
  29 deep elf knights
  2 thrashing horrors (WizLab)
  A soul eater (Depths:2)
  9 shock serpents
  A small abomination (Elf:2)
  15 naga sharpshooters
  6 hell knights
  3 spriggan berserkers
  A sixfirhy (Depths:4)
  6 sea snakes
  2 iron trolls (Depths:1)
  3 skeletal warriors (Vaults:2)
  40 deep trolls
  5 salamander mystics
  A shadow wraith (Vaults:4)
  2 swamp dragons
  2 spriggan druids
  2 flayed ghosts
  An unseen horror (shapeshifter) (Depths:2)
  8 naga ritualists
  An unseen horror (D:11)
  19 deep elf archers
  2 obsidian statues
  3 glowing orange brains
  22 ironbrand convokers
  A gelid demonspawn (Depths:4)
  12 wizards
  A lindwurm (Lair:6)
  22 harpies
  18 orc knights
  A shambling mangrove (Zig:4)
  4 necromancers
  A lindwurm (shapeshifter) (Elf:1)
  2 starcursed masses (WizLab)
  A tengu zombie (Zig:3)
  12 orc sorcerers
  A golden dragon skeleton (Vaults:4)
  12 mana vipers
  3 shining eyes
  65 deep elf magi
  14 salamanders
  17 fauns
  3 wolf spiders
  An orb spider (Zig:2)
  A mana viper (shapeshifter) (D:14)
  46 ugly things
  5 cyclopes
  25 manticores
  3 elephants
  A centaur zombie (D:14)
  28 moths of wrath
  13 guardian serpents
  The ghost of anet the Magician, a novice DEWz of Ashenzari (D:6)
  An ice statue (IceCv)
  A titan simulacrum (Vaults:4)
  6 water nymphs
  An apocalypse crab (Zig:6)
  25 black mambas
  18 merfolk sirens
  A smoke demon (Zot:1)
  19 naga magi
  2 eyes of devastation
  Psyche (D:10)
  15 vault sentinels
  12 spiny frogs
  2 eyes of devastation (shapeshifter)
  A demonspawn skeleton (WizLab)
  6 centaur skeletons
  6 rime drakes
  30 yaktaurs
  7 komodo dragons
  6 hellwings
  2 demonic crawlers
  5 freezing wraiths
  A red devil (WizLab)
  A tormentor (Depths:4)
  21 merfolk
  5 tengu conjurers
  3 ice devils
  2 guardian mummies
  3 trolls (shapeshifter)
  2 polar bears (shapeshifter)
  6 wind drakes
  10 trolls
  15 polar bears
  Grinder (D:6)
  69 saltlings
  3 hornets
  A queen bee (shapeshifter) (D:12)
  7 hippogriffs
  24 blink frogs
  87 slime creatures
  23 dream sheep
  A bog body (Zig:4)
  A raiju (WizLab)
  16 snapping turtles
  4 spriggans
  6 air elementals
  2 ynoxinuls
  7 redbacks (Depths:3)
  2 ushabtiu (Zig:5)
  A large abomination (WizLab)
  A flying skull (Zig:5)
  19 water elementals
  2 shadows
  5 wraiths
  5 wyverns
  18 humans (D:13)
  A vampire (D:12)
  A human (shapeshifter) (Vaults:4)
  6 golden eyes (Slime:5)
  69 yaks
  4 basilisks
  8 fire bats
  A golden eye (shapeshifter) (D:13)
  2 chaos spawn
  2 hungry ghosts
  A steam dragon (D:7)
  A vampire mosquito (Zig:1)
  6 fire elementals
  Menkaure (D:6)
  3 wargs
  58 nagas
  14 soldier ants
  An acid dragon (Vaults:1)
  6 spatial vortices (WizLab)
  A floating eye (shapeshifter) (Elf:1)
  12 water moccasins
  55 orc warriors
  7 porcupines
  A swamp drake (Zig:1)
  A black bear (shapeshifter) (Vaults:2)
  5 black bears
  6 eyes of draining
  A hornet zombie (D:13)
  3 sky beasts
  5 phantoms
  3 ice beasts
  40 ogres
  39 wolves
  17 boggarts
  26 centaurs
  An elf skeleton (Vaults:4)
  16 crocodiles
  A crocodile (shapeshifter) (Depths:1)
  4 big kobolds
  20 bullfrogs
  Blork the orc (D:4)
  7 scorpions
  A water moccasin skeleton (D:11)
  8 killer bees
  An orc simulacrum (Vaults:2)
  14 wights
  2 troll zombies (D:10)
  3 howler monkeys
  13 crimson imps
  2 bullfrog zombies
  7 hounds
  16 jellies
  2 iron imps (Depths:4)
  Crazy Yiuf (D:3)
  3 bullfrog skeletons
  24 orc priests
  32 orc wizards
  A gnoll shaman (D:6)
  3 iguanas
  39 worker ants
  4 ogre zombies (D:10)
  3 mummies
  A worker ant zombie (D:8)
  11 adders
  5 gnolls (D:6)
  6 shadow imps
  14 white imps
  3 oozes
  2 adder skeletons
  3 worms (D:2)
  3 dart slugs (D:1)
  5 leopard geckos
  129 orcs
  5 bats
  4 giant cockroaches
  7 goblins
  9 hobgoblins
  6 jackals
  4 quokkas
  3 ball pythons
  2 frilled lizards
  2 goblin zombies (D:10)
  2 hobgoblin skeletons (D:10)
  A hobgoblin zombie (D:10)
  A jackal skeleton (D:5)
  16 kobolds
  A leopard gecko skeleton (D:4)
  2 orc skeletons (D:10)
  12 orc zombies (D:10)
  2 quokka skeletons
  2 quokka zombies
  7 rats
  A bush (Bazaar)
  2 butterflies (Lair:3)
  3 crawling corpses (Elf:3)
  4 fungi
  16 plants
  5 tentacles
2734 creatures vanquished.

Vanquished Creatures (collateral kills)
  A phantasmal warrior (D:12)
  A troll (D:12)
2 creatures vanquished.

Vanquished Creatures (others)
  A draconian stormcaller (Zot:1)
  An ettin (Depths:2)
  2 merfolk javelineers
  2 yaktaur captains (Vaults:4)
  A peacekeeper (Desolation)
  A tengu warrior (Depths:1)
  A deep elf knight (Elf:2)
  A deep elf archer (Vaults:4)
  2 harpies
  A faun (Shoals:4)
  An ugly thing (D:15)
  A black mamba (Snake:2)
  6 yaktaurs
  An air elemental (Elf:1)
  A centaur (Depths:1)
  An ogre (Depths:2)
  A white imp (Vaults:2)
  A bush (Lair:2)
  14 fungi
  A lurking horror (WizLab)
  42 plants
  29 tentacles
112 creatures vanquished.

Grand Total: 2848 creatures vanquished

Notes
Turn   | Place    | Note
-------+----------+-------------------------------------------
     0 | D:1      | kuniqs the Gargoyle Fighter began the quest for the Orb.
     0 | D:1      | Reached XP level 1. HP: 14/14 MP: 1/1
   118 | D:1      | Reached XP level 2. HP: 5/19 MP: 2/2
   416 | D:2      | Reached XP level 3. HP: 21/23 MP: 3/3
  1000 | D:2      | Reached XP level 4. HP: 27/29 MP: 4/4
  1816 | D:3      | Found a snail-covered altar of Cheibriados.
  1973 | D:3      | Found a runed door.
  2059 | D:3      | Reached XP level 5. HP: 33/33 MP: 5/5
  2251 | D:3      | Found a sparkling altar of Nemelex Xobeh.
  2252 | D:3      | Found an ancient bone altar of Kikubaaqudgha.
  2453 | D:3      | Noticed Crazy Yiuf
  2458 | D:3      | Killed Crazy Yiuf
  2620 | D:4      | Noticed Blork the orc
  2630 | D:4      | Killed Blork the orc
  2630 | D:4      | Reached XP level 6. HP: 32/39 MP: 6/6
  2736 | D:4      | Reached skill level 5 in Armour
  2834 | D:4      | Reached skill level 5 in Shields
  2965 | D:5      | Entered Level 5 of the Dungeon
  3004 | D:4      | Found an iron altar of Okawaru.
  3018 | D:4      | Reached XP level 7. HP: 44/44 MP: 7/7
  3041 | D:4      | Reached skill level 5 in Fighting
  4416 | D:6      | Reached XP level 8. HP: 50/50 MP: 8/8
  4436 | D:6      | Found Bompoici's Magic Scroll Boutique.
  4443 | D:6      | Bought a scroll of teleportation for 45 gold pieces
  4443 | D:6      | Bought a scroll of enchant armour for 112 gold pieces
  4443 | D:6      | Bought a scroll of identify for 30 gold pieces
  4443 | D:6      | Bought a scroll of identify for 30 gold pieces
  4443 | D:6      | Bought a scroll of identify for 30 gold pieces
  4590 | D:6      | Noticed anet's ghost (novice DEWz)
  4712 | D:6      | Killed anet's ghost
  4790 | D:6      | Noticed Menkaure
  4791 | D:6      | Noticed Grinder
  4799 | D:6      | Killed Grinder
  4799 | D:6      | Reached skill level 5 in Axes
  4810 | D:6      | Killed Menkaure
  4810 | D:6      | Reached XP level 9. HP: 46/56 MP: 9/9
  4955 | D:6      | Found a sacrificial altar of Ru.
  4986 | D:6      | Found a stormy altar of Qazlal.
  4990 | D:6      | Became a worshipper of Qazlal Stormbringer
  5013 | D:6      | Found Yxoax's Magic Scroll Boutique.
  5017 | D:6      | Bought a scroll of identify for 26 gold pieces
  5309 | D:6      | Reached skill level 1 in Invocations
  5722 | D:7      | Reached * piety under Qazlal
  5745 | D:7      | Found a shimmering altar of Xom.
  5745 | D:7      | Found a radiant altar of Vehumet.
  5746 | D:7      | Found a basalt altar of Yredelemnul.
  5813 | D:7      | Got a translucent dagger
  5814 | D:7      | Identified the cursed +1 dagger of Departure {pierce, +Blink rPois rN++ Str-4} (You found it on level 7 of the Dungeon)
  5845 | D:7      | Found a shattered altar of Ashenzari.
  6065 | D:7      | Found a staircase to the Ecumenical Temple.
  6084 | Temple   | Entered the Ecumenical Temple
  6283 | D:7      | Found an iron altar of Okawaru.
  6542 | D:8      | Reached ** piety under Qazlal
  6575 | D:8      | Noticed a two-headed ogre
  6604 | D:8      | Killed a two-headed ogre
  6604 | D:8      | Reached XP level 10. HP: 47/64 MP: 11/13
  7056 | D:8      | Found a blossoming altar of Fedhas.
  7095 | D:8      | Noticed an oklob plant
  7154 | D:8      | Found a glowing silver altar of Zin.
  7269 | D:9      | Noticed a two-headed ogre
  7316 | D:8      | Killed a two-headed ogre
  7498 | D:9      | Noticed siimphh's ghost (journeyman GrFi)
  7724 | D:9      | Found Coekav's Antique Weapon Emporium.
  7725 | D:9      | Noticed a two-headed ogre
  7733 | D:9      | Killed a two-headed ogre
  7733 | D:9      | Reached skill level 5 in Invocations
  7763 | D:9      | Noticed a two-headed ogre
  7772 | D:9      | Killed a two-headed ogre
  8081 | D:9      | Noticed a two-headed ogre
  8103 | D:9      | Killed a two-headed ogre
  8103 | D:9      | Reached XP level 11. HP: 61/71 MP: 15/15
  8191 | D:10     | Entered Level 10 of the Dungeon
  8335 | D:9      | Found a staircase to the Lair.
  9207 | D:10     | Found a staircase to the Orcish Mines.
  9223 | Orc:1    | Entered Level 1 of the Orcish Mines
  9251 | Orc:1    | Reached *** piety under Qazlal
  9251 | Orc:1    | Reached skill level 10 in Armour
  9440 | D:9      | Bought a brightly glowing morningstar for 252 gold pieces
  9440 | D:9      | Identified the +4 morningstar of Peace {protect, -Tele rPois Str+8 Int-4} (You bought it in a shop on level 9 of the Dungeon)
  9505 | D:9      | Killed siimphh's ghost
  9869 | D:10     | Reached skill level 10 in Shields
 10120 | D:10     | Noticed Psyche
 10129 | D:10     | Killed Psyche
 10209 | D:11     | Noticed a two-headed ogre
 10215 | D:11     | Killed a two-headed ogre
 10215 | D:11     | Reached skill level 10 in Fighting
 10295 | D:11     | Noticed a white ugly thing
 10313 | D:11     | Killed a white ugly thing
 10395 | D:11     | Noticed an unseen horror
 10400 | D:11     | Killed an unseen horror
 10638 | D:11     | Reached XP level 12. HP: 44/78 MP: 17/17
 11672 | D:12     | Reached **** piety under Qazlal
 12834 | Orc:1    | Found an iron altar of Okawaru.
 12952 | Orc:2    | Entered Level 2 of the Orcish Mines
 12952 | Orc:2    | Noticed an orc warlord
 13103 | D:13     | Noticed a death knight
 13211 | D:13     | Killed a death knight
 13287 | D:13     | Noticed a centaur warrior
 13297 | D:13     | Killed a centaur warrior
 13297 | D:13     | Reached XP level 13. HP: 47/84 MP: 19/19
 13345 | D:13     | Found a flickering gateway to a bazaar.
 13354 | Bazaar   | Entered a bazaar
 13354 | Bazaar   | Found Kesadd's Weapon Shop.
 13354 | Bazaar   | Found Visalosm's Food Boutique.
 13354 | Bazaar   | Found Paugisen's Jewellery Boutique.
 13354 | Bazaar   | Found Ahiucics's General Store.
 13354 | Bazaar   | Found Lyom's Gadget Boutique.
 13354 | Bazaar   | Found Nypnutt's Book Shop.
 13434 | Bazaar   | Bought 2 potions of haste for 260 gold pieces
 13434 | Bazaar   | Bought a potion of agility for 52 gold pieces
 13670 | D:14     | Noticed Louise
 13796 | D:13     | Noticed a vault guard
 13806 | D:13     | Killed a vault guard
 13839 | D:13     | Noticed a vault guard
 13854 | D:13     | Killed a vault guard
 13991 | D:13     | Found a gate to the Vaults.
 14221 | D:14     | Noticed a fire dragon
 14323 | D:14     | Noticed Nessos
 14331 | D:14     | Killed Nessos
 14331 | D:14     | Reached skill level 10 in Invocations
 14339 | D:15     | Entered Level 15 of the Dungeon
 14706 | Orc:2    | Noticed Rupert
 15170 | Orc:1    | Killed Rupert
 15661 | Orc:1    | Gained mutation: Your large and strong wings let you fly indefinitely. [Gargoyle growth]
 15661 | Orc:1    | Reached XP level 14. HP: 83/92 MP: 21/21
 16028 | Orc:2    | Reached ***** piety under Qazlal
 16293 | Orc:2    | Found Daav's Book Emporium.
 16503 | Orc:2    | Found Tysoefoz's Antique Armour Boutique.
 16544 | Orc:2    | Noticed an orc warlord
 16812 | D:10     | Killed an orc warlord
 17376 | Orc:1    | Reached skill level 10 in Axes
 17933 | Orc:1    | You are sucked into a shaft!
 18182 | Orc:2    | Found Izogh's General Store.
 18421 | Orc:2    | Bought a potion of berserk rage for 80 gold pieces
 18426 | Orc:2    | Found Ocyfuargh's Antique Weapon Shoppe.
 18557 | Orc:2    | Found a staircase to the Elven Halls.
 18700 | Orc:2    | Bought a pair of distressingly furry gloves for 237 gold pieces
 18710 | Orc:2    | Identified the cursed +0 pair of gloves of the Great Game {rPois MR+ SInv Stlth+} (You bought it in a shop on level 2 of the Orcish Mines)
 18820 | Lair:1   | Entered Level 1 of the Lair of Beasts
 19210 | Lair:2   | Found a frozen archway.
 19244 | IceCv    | Entered an ice cave
 19254 | IceCv    | Reached skill level 1 in Evocations
 19567 | IceCv    | Noticed a frost giant
 19635 | IceCv    | Killed a frost giant
 20370 | Lair:2   | Noticed azzavlup's ghost (journeyman DrTm)
 20533 | Lair:2   | Killed azzavlup's ghost
 20533 | Lair:2   | Reached XP level 15. HP: 45/99 MP: 23/23
 22175 | Lair:3   | Found a staircase to the Shoals.
 23910 | Lair:4   | Found a shadowy altar of Dithmenos.
 23981 | Lair:4   | Found a staircase to the Snake Pit.
 24655 | Lair:5   | Got a sparkling glass ring
 24657 | Lair:5   | Identified the ring of Teunehebb {+Blink rElec Str+2 Slay+3} (You found it on level 5 of the Lair of Beasts)
 24856 | Lair:5   | Found a staircase to the Slime Pits.
 24863 | Lair:6   | Entered Level 6 of the Lair of Beasts
 25618 | Lair:6   | Reached ****** piety under Qazlal
 26282 | Lair:6   | Reached XP level 16. HP: 63/106 MP: 25/25
 26579 | Lair:6   | Reached skill level 5 in Evocations
 26987 | Snake:1  | Entered Level 1 of the Snake Pit
 27501 | D:6      | Bought a scroll of acquirement for 780 gold pieces
 27504 | D:6      | Got a scorched war axe
 27505 | D:6      | Identified the +6 war axe of the Mosquito {drain, rF+ rN++} (You acquired it on level 6 of the Dungeon)
 27822 | Snake:2  | Noticed Vashnia
 28060 | Snake:2  | Killed Vashnia
 28481 | Snake:2  | Noticed Aizul
 28500 | Snake:2  | Killed Aizul
 28592 | Snake:3  | Noticed a nagaraja
 28603 | Snake:3  | Killed a nagaraja
 28879 | Snake:2  | Reached XP level 17. HP: 108/112 MP: 26/26
 29273 | Snake:4  | Entered Level 4 of the Snake Pit
 29278 | Snake:4  | Noticed Bai Suzhen
 29319 | Snake:4  | Killed Bai Suzhen
 29319 | Snake:4  | Reached skill level 15 in Armour
 29732 | Snake:4  | Reached skill level 15 in Shields
 30114 | Snake:4  | Reached skill level 15 in Fighting
 30740 | Snake:4  | Reached XP level 18. HP: 89/119 MP: 28/28
 30934 | Snake:3  | Got a spiked cloak
 30975 | Snake:3  | Identified the cursed +0 cloak of Vayliypu {rC+ rN+} (You found it on level 3 of the Snake Pit)
 31079 | Snake:4  | Got a serpentine rune of Zot
 31348 | Snake:3  | Found Soun's Assorted Antiques.
 32452 | Snake:1  | You are sucked into a shaft!
 32709 | Shoals:1 | Entered Level 1 of the Shoals
 33009 | Shoals:1 | Found Nuelutip's Antique Weapon Shoppe.
 33864 | Shoals:1 | Gained mutation: You are somewhat resistant to further mutation. [potion of beneficial mutation]
 34899 | Shoals:3 | Reached skill level 15 in Invocations
 35252 | Shoals:4 | Entered Level 4 of the Shoals
 35683 | Shoals:4 | Reached XP level 19. HP: 92/125 MP: 30/30
 36542 | Shoals:4 | Noticed Ilsuiw
 36551 | Shoals:4 | Killed Ilsuiw
 37360 | Shoals:4 | Got a vibrating bronze ring
 37375 | Shoals:4 | Got a barnacled rune of Zot
 37477 | Shoals:4 | Identified the ring of Pimisat {rPois rC+ SInv} (You took it off a merfolk impaler on level 4 of the Shoals)
 37540 | Shoals:4 | Found Duasemen's Assorted Antiques.
 37548 | Shoals:4 | Bought a scroll of identify for 52 gold pieces
 38846 | D:14     | Killed Louise
 38858 | D:14     | Identified a +0 rod of ignition (14/14) (You took it off Louise on level 14 of the Dungeon)
 39549 | D:14     | Found a shadowy altar of Dithmenos.
 39687 | D:15     | Found a staircase to the Depths.
 40838 | Elf:1    | Entered Level 1 of the Elven Halls
 40884 | Elf:1    | Found a radiant altar of Vehumet.
 41206 | Elf:1    | Reached XP level 20. HP: 68/134 MP: 32/32
 41415 | Elf:1    | Got a warped lapis lazuli ring
 41416 | Elf:1    | Identified the ring of Suez {rCorr rElec rN+ Str+4 Dex+3} (You took it off a deep elf mage on level 1 of the Elven Halls)
 41442 | Elf:1    | Noticed Nikola
 41469 | Elf:1    | Killed Nikola
 41472 | Elf:1    | Got a pair of polished gloves
 41484 | Elf:1    | Identified the cursed +0 pair of gloves of the Catamount {MR+ Dex+3} (You took it off Nikola on level 1 of the Elven Halls)
 42607 | Elf:2    | Reached skill level 10 in Evocations
 42983 | Elf:2    | Found a runed door.
 43005 | Elf:2    | Found a runed door.
 44082 | Elf:3    | Entered Level 3 of the Elven Halls
 44110 | Elf:3    | Noticed a Brimstone Fiend
 44775 | Elf:3    | Reached XP level 21. HP: 137/140 MP: 33/33
 44807 | Elf:3    | Noticed Saint Roka
 45314 | Elf:3    | Killed Saint Roka
 45593 | Elf:3    | Got a sapphire-encrusted plate armour
 45596 | Elf:3    | Identified the cursed +0 plate armour of Qazlal {rPois} (You took it off a deep elf blademaster on level 3 of the Elven Halls)
 45633 | Elf:3    | Identified the Incunabulum of Dusty Weightlessness
 45636 | Elf:3    | Identified the Incunabulum of Lethal Aid
 45641 | Elf:3    | Learned a level 3 spell: Spectral Weapon
 45641 | Elf:3    | Identified the Compendium of Displacement
 45671 | Elf:3    | Identified the Volume of Moulding
 45702 | Elf:3    | Reached XP level 22. HP: 146/146 MP: 34/34
 45705 | Elf:3    | Identified a +6 rod of shadows (12/12) (You found it on level 3 of the Elven Halls)
 45757 | Elf:3    | Identified the Catalogue of Conjuration and the Traveller
 46826 | Vaults:1 | Entered Level 1 of the Vaults
 47305 | Vaults:1 | Reached skill level 15 in Axes
 48465 | Vaults:2 | Found a staircase to the Crypt.
 48659 | Vaults:2 | Reached XP level 23. HP: 121/153 MP: 35/35
 49782 | Vaults:3 | Noticed Donald
 49805 | Vaults:3 | Killed Donald
 49902 | Vaults:3 | Found a ruined gateway.
 49908 | Desolati | Entered the Desolation of Salt
 50216 | Desolati | Identified the +4 chain mail "Cajoffe" {+Fly rElec} (You found it in the Desolation of Salt)
 50295 | Desolati | Reached XP level 24. HP: 116/160 MP: 36/36
 50471 | Desolati | Got a warped platinum ring
 50473 | Desolati | Identified the ring "Imocucw" {Wiz rF- rN++} (You took it off an imperial myrmidon in the Desolation of Salt)
 50549 | Desolati | Identified Sif Muna's Volume of the Traveller and Dark Arts
 50552 | Desolati | Learned a level 1 spell: Apportation
 50554 | Desolati | Identified the +2 pair of boots "Mouwat" {rPois rC- Int+2 SInv} (You found it in the Desolation of Salt)
 50578 | Desolati | Got a transparent golden ring
 50586 | Desolati | Identified the ring of Lugonu's Reproof {rC+ SInv} (You took it off a servant of whispers in the Desolation of Salt)
 50650 | Desolati | Got a distressingly furry cloak
 50661 | Desolati | Identified the cursed +0 cloak "Rith" {rElec MR- Dex+2} (You found it in the Desolation of Salt)
 51570 | Vaults:4 | Found a magical portal.
 51581 | WizLab   | Entered The Roulette of Golubria
 51583 | WizLab   | Found a corrupted altar of Lugonu.
 51609 | WizLab   | Found a corrupted altar of Lugonu.
 51753 | WizLab   | Got a transparent cloak
 51757 | WizLab   | Got a heavily runed cloak
 51764 | WizLab   | Identified Golubria's Tome of Displacement
 51777 | WizLab   | Got a scorched cloak
 51910 | WizLab   | Gained mutation: You expend magic power (3 MP) to strengthen your wands. [a cacodemon]
 51963 | WizLab   | Found a corrupted altar of Lugonu.
 52190 | Vaults:3 | Identified the +0 cloak of Nihilism {rElec} (You found it in a wizard's laboratory)
 52201 | Vaults:3 | Identified the +0 cloak "Vups" {rC++ MR+ rCorr Dex-4} (You found it in a wizard's laboratory)
 52213 | Vaults:3 | Identified the cursed -1 cloak of Quantum Leap {rElec} (You found it in a wizard's laboratory)
 54224 | D:12     | Reached XP level 25. HP: 168/168 MP: 36/36
 54459 | Slime:1  | Entered Level 1 of the Pits of Slime
 54481 | Slime:2  | Noticed Dissolution
 54490 | Slime:2  | Killed Dissolution
 55027 | Slime:5  | Entered Level 5 of the Pits of Slime
 55219 | Slime:5  | Noticed the Royal Jelly
 55234 | Slime:5  | Killed the Royal Jelly
 55488 | Slime:5  | Got a slimy rune of Zot
 55550 | Slime:5  | Identified the +1 leather armour of the Several People {Dex+4 Slay+4} (You found it on level 5 of the Pits of Slime)
 55631 | Slime:5  | Identified the Collected Works on Unstable Poisoning
 55644 | Slime:5  | Identified the +2 hat "Diakhlyng" {*Drain rPois Stlth+} (You found it on level 5 of the Pits of Slime)
 55832 | Lair:1   | Lost mutation: You expend magic power (3 MP) to strengthen your wands. [potion of cure mutation]
 55832 | Lair:1   | Lost mutation: You are somewhat resistant to further mutation. [potion of cure mutation]
 55833 | Lair:1   | Gained mutation: Potions are less effective at restoring your health. [potion of mutation]
 55833 | Lair:1   | Gained mutation: Your spells are a little easier to cast, but a little less powerful. [potion of mutation]
 55833 | Lair:1   | Gained mutation: You are partially covered in iridescent scales. (AC +2) [potion of mutation]
 55834 | Lair:1   | Lost mutation: Potions are less effective at restoring your health. [potion of cure mutation]
 55834 | Lair:1   | Lost mutation: Your spells are a little easier to cast, but a little less powerful. [potion of cure mutation]
 55834 | Lair:1   | Lost mutation: You are partially covered in iridescent scales. (AC +2) [potion of cure mutation]
 55835 | Lair:1   | Gained mutation: Armour fits poorly on your strangely shaped body. [potion of mutation]
 55835 | Lair:1   | Gained mutation: Your muscles are strong. (Str +2) [potion of mutation]
 55835 | Lair:1   | Gained mutation: You are resistant to hostile enchantments. (MR+) [potion of mutation]
 55836 | Lair:1   | Lost mutation: Your muscles are strong. (Str +2) [potion of cure mutation]
 55836 | Lair:1   | Lost mutation: You are resistant to hostile enchantments. (MR+) [potion of cure mutation]
 55836 | Lair:1   | Lost mutation: Armour fits poorly on your strangely shaped body. [potion of cure mutation]
 55837 | Lair:1   | Gained mutation: You are clumsy. (Dex -2) [potion of mutation]
 55837 | Lair:1   | Gained mutation: Your muscles are strong. (Str +2) [potion of mutation]
 55837 | Lair:1   | Gained mutation: You are frail. (-10% HP) [potion of mutation]
 55838 | Lair:1   | Lost mutation: You are clumsy. (Dex -2) [potion of cure mutation]
 55838 | Lair:1   | Lost mutation: You are frail. (-10% HP) [potion of cure mutation]
 55838 | Lair:1   | Lost mutation: Your muscles are strong. (Str +2) [potion of cure mutation]
 55839 | Lair:1   | Gained mutation: You are partially covered in thin metallic scales. (AC +2) [potion of beneficial mutation]
 55840 | Lair:1   | Gained mutation: You are partially covered in rugged brown scales. (AC +1, +3% HP) [potion of beneficial mutation]
 55841 | Lair:1   | Gained mutation: You have a pair of small antennae on your head. [potion of beneficial mutation]
 55929 | D:10     | Identified the +4 war axe of Drought {protect, rElec Stlth+} (You acquired it on level 10 of the Dungeon)
 55935 | D:10     | Identified the +5 chain mail of Huyqyupawn {+Blink +Fly rC+ Dex+2} (You acquired it on level 10 of the Dungeon)
 56306 | Shoals:4 | Bought a potion of heal wounds for 130 gold pieces
 56306 | Shoals:4 | Bought a potion of agility for 104 gold pieces
 56306 | Shoals:4 | Bought 2 potions of agility for 208 gold pieces
 56528 | Snake:3  | Bought a scroll of enchant armour for 240 gold pieces
 56801 | D:6      | Bought a scroll of enchant armour for 112 gold pieces
 56801 | D:6      | Bought a scroll of brand weapon for 300 gold pieces
 56801 | D:6      | Bought a scroll of enchant weapon for 112 gold pieces
 56844 | D:6      | Bought a scroll of brand weapon for 260 gold pieces
 56844 | D:6      | Bought a scroll of magic mapping for 45 gold pieces
 57061 | Depths:1 | Entered Level 1 of the Depths
 57435 | Depths:1 | Found a gateway to Hell.
 57860 | Depths:2 | Noticed the Enchantress
 57864 | Depths:2 | Killed the Enchantress
 57887 | Depths:2 | Identified the +2 faerie dragon scales {rCorr Dex+5} (You took it off the Enchantress on level 2 of the Depths)
 57912 | Depths:2 | Reached XP level 26. HP: 151/181 MP: 29/37
 58044 | Depths:2 | Found Bysau's Jewellery Boutique.
 58046 | Depths:2 | Found Wisulev's Gadget Emporium.
 58047 | Depths:2 | Found Deklodinn's Jewellery Boutique.
 58062 | Depths:2 | Bought a +3 amulet of reflection for 400 gold pieces
 60388 | Depths:3 | Found a one-way gate leading to the halls of Pandemonium.
 60398 | Depths:3 | Noticed an ancient lich
 60409 | Depths:3 | Killed an ancient lich
 60808 | Depths:4 | Found a gateway to a ziggurat.
 60820 | Zig:1    | Entered Level 1 of a ziggurat
 60837 | Zig:2    | Entered Level 2 of a ziggurat
 60875 | Zig:3    | Entered Level 3 of a ziggurat
 60875 | Zig:3    | Noticed a greater mummy
 60895 | Zig:3    | Killed a greater mummy
 61005 | Zig:4    | Entered Level 4 of a ziggurat
 61040 | Zig:5    | Entered Level 5 of a ziggurat
 61040 | Zig:5    | Noticed a greater mummy
 61042 | Zig:5    | Noticed a greater mummy
 61043 | Zig:5    | Killed a greater mummy
 61043 | Zig:5    | Killed a greater mummy
 61043 | Zig:5    | Reached XP level 27. HP: 152/189 MP: 30/37
 61052 | Zig:5    | Identified the +3 buckler of Tatram {rElec Slay+2} (You found it on level 5 of a ziggurat)
 61192 | Zig:6    | Entered Level 6 of a ziggurat
 61268 | Zig:7    | Entered Level 7 of a ziggurat
 61276 | Zig:7    | Noticed a juggernaut
 61292 | Zig:7    | Killed a juggernaut
 61530 | Depths:4 | Found a one-way gate to the infinite horrors of the Abyss.
 62274 | Depths:5 | Entered Level 5 of the Depths
 62278 | Depths:5 | Found a flickering gateway to a bazaar.
 62287 | Bazaar   | Entered a bazaar
 62287 | Bazaar   | Found Houcol's Antique Armour Emporium.
 62287 | Bazaar   | Found Palyfit's Gadget Emporium.
 62305 | Bazaar   | Found Qivut's Antique Weapon Boutique.
 62316 | Bazaar   | Found Yrupros's General Store.
 62333 | Bazaar   | Found Pithreoly's Magic Scroll Boutique.
 62341 | Bazaar   | Bought a scroll of enchant armour for 52 gold pieces
 62341 | Bazaar   | Bought a scroll of blinking for 52 gold pieces
 62341 | Bazaar   | Bought a scroll of acquirement for 364 gold pieces
 62341 | Bazaar   | Bought a scroll of enchant weapon for 52 gold pieces
 62341 | Bazaar   | Bought a scroll of magic mapping for 24 gold pieces
 62341 | Bazaar   | Bought a scroll of enchant weapon for 52 gold pieces
 62341 | Bazaar   | Bought a scroll of fear for 24 gold pieces
 62341 | Bazaar   | Bought a scroll of fear for 24 gold pieces
 62341 | Bazaar   | Bought a scroll of immolation for 24 gold pieces
 63255 | Depths:5 | Found a gate to the Realm of Zot.
 63930 | Zot:1    | Entered Level 1 of the Realm of Zot
 64580 | Zot:1    | You are sucked into a shaft!
 64610 | Zot:2    | Identified the cursed +1 chain mail "Raun" {rElec} (You found it on level 2 of the Realm of Zot)
 67714 | Zot:5    | Entered Level 5 of the Realm of Zot
 68938 | Zot:5    | Noticed an orb of fire
 68952 | Zot:5    | Gained mutation: Your magical capacity is low. (-10% MP) [an orb of fire]
 68960 | Zot:5    | Killed an orb of fire
 69025 | Zot:5    | Noticed an ancient lich
 69039 | Zot:5    | Killed an ancient lich
 69100 | Zot:5    | Noticed an ancient lich
 69112 | Zot:5    | Killed an ancient lich
 69259 | Zot:5    | Noticed an orb of fire
 69264 | Zot:5    | Gained mutation: Armour fits poorly on your strangely shaped body. [an orb of fire]
 69269 | Zot:5    | Gained mutation: You tend to lose your temper in combat. [an orb of fire]
 69281 | Zot:5    | Gained mutation: Your spells are a little harder to cast, but a little more powerful. [an orb of fire]
 69293 | Zot:5    | Lost mutation: Your magical capacity is low. (-10% MP) [an orb of fire]
 69297 | Zot:5    | Killed an orb of fire
 69349 | Zot:5    | Lost mutation: You have a pair of small antennae on your head. [potion of cure mutation]
 69349 | Zot:5    | Lost mutation: Armour fits poorly on your strangely shaped body. [potion of cure mutation]
 69349 | Zot:5    | Lost mutation: You tend to lose your temper in combat. [potion of cure mutation]
 69349 | Zot:5    | Lost mutation: Your spells are a little harder to cast, but a little more powerful. [potion of cure mutation]
 69349 | Zot:5    | Lost mutation: You are partially covered in rugged brown scales. (AC +1, +3% HP) [potion of cure mutation]
 70631 | Zot:5    | Noticed an orb of fire
 70632 | Zot:5    | Noticed an orb of fire
 70635 | Zot:5    | Gained mutation: Your magical capacity is low. (-10% MP) [an orb of fire]
 70646 | Zot:5    | Gained mutation: Scrolls take you a little longer to read. [an orb of fire]
 70650 | Zot:5    | Killed an orb of fire
 70656 | Zot:5    | Noticed an ancient lich
 70658 | Zot:5    | Killed an orb of fire
 70662 | Zot:5    | Lost mutation: Scrolls take you a little longer to read. [potion of cure mutation]
 70662 | Zot:5    | Lost mutation: You are partially covered in thin metallic scales. (AC +2) [potion of cure mutation]
 70662 | Zot:5    | Lost mutation: Your magical capacity is low. (-10% MP) [potion of cure mutation]
 70669 | Zot:5    | Killed an ancient lich
 71044 | Zot:5    | Noticed an orb of fire
 71044 | Zot:5    | Gained mutation: You are clumsy. (Dex -2) [an orb of fire]
 71052 | Zot:5    | Gained mutation: You are very clumsy. (Dex -4) [an orb of fire]
 71057 | Zot:5    | Gained mutation: You occasionally shout uncontrollably at your foes. [an orb of fire]
 71063 | Zot:5    | Gained mutation: You are weak. (Str -2) [an orb of fire]
 71067 | Zot:5    | Gained mutation: You are very weak. (Str -4) [an orb of fire]
 71069 | Zot:5    | Gained mutation: You are dopey. (Int -2) [an orb of fire]
 71073 | Zot:5    | Killed an orb of fire
 71089 | Zot:5    | Lost mutation: You are very weak. (Str -4) [potion of cure mutation]
 71089 | Zot:5    | Lost mutation: You are very clumsy. (Dex -4) [potion of cure mutation]
 71089 | Zot:5    | Lost mutation: You are clumsy. (Dex -2) [potion of cure mutation]
 71089 | Zot:5    | Lost mutation: You are dopey. (Int -2) [potion of cure mutation]
 71089 | Zot:5    | Lost mutation: You occasionally shout uncontrollably at your foes. [potion of cure mutation]
 71168 | Zot:5    | Got the Orb of Zot
 71403 | Depths:2 | Noticed Vacaolyt the pandemonium lord
 71445 | Depths:2 | Killed Vacaolyt the pandemonium lord
 71702 | D:6      | Noticed Juixkis the pandemonium lord
 71767 | D:3      | Noticed Qamuin the pandemonium lord
 71797 | D:3      | Killed Qamuin the pandemonium lord
 71858 | D:$      | Escaped with the Orb!

Vault maps used:
D:1:      dpeg_arrival_more_subterranean_lakeside_camping,
          minmay_misc_feat_hallway
D:2:      minmay_tetromino_i4
D:3:      lemuel_crystal_altar, gammafunk_temple_overflow_statue, first_bread,
          uniq_crazy_yiuf_cottage
D:4:      kennysheep_mini, uniq_blork_the_orc
D:6:      minitemple, serial_shops, shop, shop, uniq_grinder, uniq_menkaure
D:7:      ashenzari_altar_1, gammafunk_temple_overflow_claw, basic_altar,
          minmay_unpleasant_kobolds
D:8:      zin_academy, grunt_pizzeria, tgw_fedhas
D:9:      david_lair_generic, serial_shops, nicolae_shop_waterfront,
          minmay_misc_feat_tiny
D:10:     zombieorc1_lemuel, minmay_misc_feat_pillars, uniq_psyche
D:11:     kennysheep_generic_room_9
D:13:     grunt_vaults_entry_tiered, serial_shops, bzr_entry_lakeside
D:14:     minmay_firetagon, nicolae_dithmenos_through_a_glass_darkly,
          uniq_louise, uniq_nessos
D:15:     hangedman_depths_entry_civil_slaughter, minmay_misc_feat_x
Temple:   eino_wide_crystal_templ
Lair:1:   serial_bayou_shore_a
Lair:2:   nicolae_volcano_entry_batcave, portal_ice_cave_entry_imps,
          st_stairs_4, lemuel_another_geyser
Lair:3:   minmay_shoals_entry_lonely_mermaid, zaba_anthell, lemuel_fruit_fields,
          infiniplex_staircase_pool, lemuel_fruit_tree
Lair:4:   minmay_snake_entry_guardpost_medium, serial_forest,
          infiniplex_forest_clump_small, infiniplex_forest_end_1,
          infiniplex_forest_straight_5, infiniplex_forest_end_1,
          infiniplex_forest_clump_diagonal, infiniplex_forest_clump_curved,
          infiniplex_forest_lined_room_2, infiniplex_forest_lined_2, basic_altar
Lair:5:   minmay_slime_entry_jelly_boxes, minivault_26,
          grunt_forest_large_clearings
Lair:6:   hangedman_lair_in_review
Shoals:1: serial_shops, shop, centaur_isle
Shoals:2: abandoned_shop
Shoals:4: shoals_end_grunt_garden, shoal_ilsuiw, serial_shops,
          nicolae_shop_behind_doors
Snake:2:  uniq_vashnia, uniq_aizul
Snake:3:  serial_shops, nicolae_shop_stone
Snake:4:  johnstein_snake_rune_scales, uniq_bai_suzhen
Slime:2:  dissolution_awaits
Slime:3:  cheibrodos_slime_lost_civilization_4
Orc:1:    nicolae_orc_accident_3, okawaru_metal_pillars_1_2
Orc:2:    grunt_orc_gardens, grunt_orc_garden, grunt_orc_garden,
          grunt_orc_garden, grunt_orc_garden, uniq_rupert
Elf:1:    eino_elf_arrival_altar, kennysheep_underground_church,
          hangedman_elven_ridges, uniq_nikola
Elf:2:    minmay_misc_feat_rows
Elf:3:    grunt_elf_hall_spiral, uniq_saint_roka
Vaults:1: nicolae_vaults_network_s, v_misc_1, nicolae_vaults_sealed_display,
          nicolae_vaults_mini_display_case, vaults_room_grunt_arrival_ludios
Vaults:2: nicolae_vaults_network_periphery, minmay_crypt_entry_nasty_monster,
          hangedman_vaults_unwind, dpeg_vaults_waves,
          vaults_standard_mumra_lines, grunt_vaults_twisty, vaults_room_corners,
          ontoclasm_vaults_claustrophobia, grunt_vaults_swirl, serial_ice_g,
          grunt_vaults_hallway_short, ontoclasm_vaults_fault
Vaults:3: vaults_room_ringed_pool, v_misc_1, nicolae_vaults_border_crossing,
          ontoclasm_vaults_decontamination, nicolae_vaults_ninety_degrees,
          vaults_dpeg_cross, vaults_room_corners, vaults_dpeg_hooks, v_misc_9,
          portal_desolation_entry_salt, uniq_donald
Vaults:4: nicolae_vaults_windows_and_doors_thing, hangedman_vaults_variations,
          nicolae_vaults_big_ls, v_misc_31, v_rooms_1,
          hangedman_vaults_restitches, nicolae_vaults_angled_halls, v_misc_22,
          vaults_room_hangedman_quadrants, stair_cage_open, mu_enter_wizlab_6
Depths:1: hell_entry, roderic_aztec_sauvastika, kilobyte_rumbling_trees
Depths:2: cross_vault, nicolae_lava_and_water, pf_vacation_house_of_asmodeus,
          infiniplex_staircase_split_hallway, minmay_shop_grove,
          uniq_enchantress
Depths:3: kennysheep_large_spiral, hell_entry, nicolae_twisting_strands,
          pan_entry, spider_trap, minmay_librarian
Depths:4: minmay_guarded_unrand_majin_bo, enter_ziggurat_c, abyss_entry,
          roderic_lattice_a, pf_coc_iceberg, grunt_pan_entry_zigzag
Depths:5: grunt_twist_and_shout, serial_shops, bzr_entry_dummy, hell_entry
Zot:1:    nicolae_zot_stationary_front
Zot:2:    kennysheep_blocky_room
Zot:3:    grunt_ministairs_10, grunt_megastairs_4
Zot:4:    st_stairs_11, bh_zot_ikea_curve
Zig:7:    ziggurat_pillar_centre_dead_trees
Bazaar:   bazaar_minmay_trees, bazaar_lake
IceCv:    ice_cave_small_giant
WizLab:   wizlab_golubria

Skill      XL: |  1  2  3  4  5  6  7  8  9 10 11 12 13 14 15 16 17 18 19 20 21 22 23 24 25 26 27 |
---------------+----------------------------------------------------------------------------------+-----
Axes           | 2 3 4 5 6 7 8 9 10 11 12 13 14 15 16 17 18 | 18.0
Armour         | 4 5 6 7 8 9 10 11 12 13 14 15 16 17 18 19 20 21 22 25 | 25.5
Shields        | 4 5 7 8 9 10 11 12 13 14 15 16 17 19 25 | 25.1
Fighting       | 4 5 6 8 9 10 11 12 13 14 15 16 17 18 19 20 22 25 | 25.7
Invocations    | 4 6 7 9 10 11 12 13 14 15 16 17 18 19 20 | 20.1
Evocations     | 2 4 6 8 9 10 11 12 | 12.0

Action                   |  1- 3 |  4- 6 |  7- 9 | 10-12 | 13-15 | 16-18 | 19-21 | 22-24 | 25-27 || total
-------------------------+-------+-------+-------+-------+-------+-------+-------+-------+-------++-------
Melee: War axe           |   130 |    84 |    14 |    34 |    13 |   822 |  1110 |  1266 |   207 ||  3680
       Mace              |       |    66 |   446 |   382 |       |       |       |       |       ||   894
       Morningstar       |       |       |       |   419 |   447 |       |       |       |       ||   866
       Hand axe          |       |       |       |       |  1352 |   199 |       |       |       ||  1551
       Broad axe         |       |       |       |       |       |   341 |       |   174 |  2175 ||  2690
Throw: Javelin           |       |     2 |     3 |     9 |       |       |       |       |       ||    14
       Throwing net      |       |       |       |       |       |       |       |       |     2 ||     2
Invok: Upheaval          |       |       |       |     4 |     7 |     1 |     6 |       |       ||    18
       Elemental Force   |       |       |       |     1 |       |       |       |       |       ||     1
       Disaster Area     |       |       |       |       |     5 |     4 |     4 |     9 |     7 ||    29
 Abil: Fly               |       |       |       |       |     1 |     3 |     2 |       |     2 ||     8
       Stop Flying       |       |       |       |       |       |     3 |     2 |       |     3 ||     8
Evoke: Wand              |       |       |     7 |     7 |     2 |     3 |     3 |    10 |    23 ||    55
       Rod               |       |       |       |       |       |       |     2 |     4 |       ||     6
  Use: Scroll            |       |     8 |    12 |     2 |     8 |    17 |     9 |    18 |    45 ||   119
       Potion            |       |     2 |     1 |       |     3 |     6 |     1 |     4 |    43 ||    60
 Stab: Paralysed         |       |       |    13 |       |     2 |       |       |    10 |       ||    25
       Distracted        |       |       |       |     1 |       |       |       |       |     2 ||     3
       Held in net/web   |       |       |       |       |       |       |       |       |     2 ||     2
  Eat: Chunk             |     1 |     6 |    11 |    24 |    40 |    17 |    13 |     8 |     5 ||   125
       Royal jelly       |       |       |     1 |     1 |     2 |       |     1 |     2 |     1 ||     8
       Beef jerky        |       |       |       |     1 |       |     6 |     2 |     2 |     7 ||    18
       Bread ration      |       |       |       |       |       |     2 |     3 |       |     3 ||     8
       Meat ration       |       |       |       |       |       |       |     1 |     5 |     6 ||    12
       Pizza             |       |       |       |       |       |       |     1 |       |     4 ||     5
Armor: Scale mail        |    91 |    45 |   275 |   362 |   642 |   409 |   299 |     2 |       ||  2125
       Ring mail         |       |    35 |       |       |       |       |       |       |       ||    35
       Fire dragon scale |       |       |       |       |       |       |     1 |       |       ||     1
       Plate armour      |       |       |       |       |       |       |       |   521 |    72 ||   593
       Crystal plate arm |       |       |       |       |       |       |       |       |   750 ||   750
Dodge: Dodged            |    51 |    48 |   162 |   257 |   442 |   256 |   148 |   223 |   241 ||  1828
       Deflected         |       |       |       |     4 |    14 |    84 |    46 |    24 |    30 ||   202
Block: Shield            |    87 |    70 |   316 |   759 |  1674 |  1390 |   318 |   694 |   344 ||  5652
       Large shield      |       |       |       |       |       |       |   759 |   778 |  2219 ||  3756
       Reflection        |       |       |       |       |       |       |       |    55 |    67 ||   122
